 Dungeon Crawl Stone Soup version bcrawl-1.27.3 (webtiles) character file.

Game seed: 7987433307063457254

15503488 Artagas the Ruinous (level 27, 372/372 HPs)
             Began as a Green Draconian Conjurer on Sept 4, 2020.
             Was the Champion of Ashenzari.
             Escaped with the Orb
             ... and 3 runes on Sept 6, 2020!
             The game lasted 03:54:32 (63104 turns).

Artagas the Ruinous (Green Draconian Conjurer)     Turns: 63104, Time: 03:54:33

Health: 372/372    AC: 23    Str: 22    XL:     27
Magic:  54/54      EV: 12    Int: 33    God:    Ashenzari [******]
Gold:   4041       SH:  0    Dex: 13    Spells: 4/62 levels left

rFire    . . .     SeeInvis +     - Teeth and claws (102.6)
rCold    . . .     Gourm    .   (shield currently unavailable)
rNeg     . . .     Faith    .   (armour unavailable)
rPois    +         Spirit   .   (helmet currently unavailable)
rElec    +         Reflect  .   (cloak currently unavailable)
rCorr    .         Harm     .   (gloves currently unavailable)
MR       ++++.     Clarity  +   (boots currently unavailable)
Stlth    +.........             B - amulet "Imiejat" {Rage MP+9 Int+7} (curse)
HPRegen  0.72/turn              C - ring of Youthful Indiscretion {+Fly MR+} (curse)
MPRegen  0.34/turn              V - ring "Qyleili" {*Corrode rElec MR+ SInv} (curse)

@: dragon-form (expiring), flying, deflect missiles
A: giant, breathe noxious fumes, unfitting armour, stinger 1, deterioration 1,
wild magic 1, AC +13
0: Orb of Zot
}: 3/15 runes: serpentine, barnacled, silver
a: Breathe Noxious Fumes, End Transformation, Curse Item, Scrying, Transfer
Knowledge, Renounce Religion, Evoke Berserk Rage


You escaped.
You worshipped Ashenzari.
Ashenzari was exalted by your worship.
You were very full.
You were a fearsome dragon!
You visited 10 branches of the dungeon, and saw 42 of its levels.
You also visited: Trove, Ice Cave and Desolation.

You collected 8069 gold pieces.
You spent 4028 gold pieces at shops.

Inventory:

Hand Weapons
 Y - a cursed +9 blowgun (melded)
   (You took it off Sonja on level 4 of the Lair of Beasts)
Missiles
 F - 10731 arrows
 K - 12 throwing nets {=f}
Armour
 b - a cursed +0 buckler of cold resistance (melded)
   (You found it in a treasure trove)
 m - the +1 cloak "Behoclidd" {Dex+4}
   (You found it on level 1 of the Realm of Zot)

   It affects your dexterity (+4).
 x - a cursed +0 cloak of invisibility (melded)
   (You found it in a treasure trove)
 y - a cursed +0 pair of gloves (melded)
   (You found it on level 12 of the Dungeon)
 H - a cursed +0 pair of boots (melded)
   (You found it on level 1 of the Dungeon)
 P - a cursed +2 hat of magic resistance (melded)
   (You found it on level 9 of the Dungeon)
Jewellery
 B - the cursed amulet "Imiejat" (around neck) {Rage MP+9 Int+7}
   (You found it in the Desolation of Salt)

   [amulet of rage]

   It affects your intelligence (+7).
   It affects your magic capacity (+9).
   It has a curse placed upon it.
 C - the cursed ring of Youthful Indiscretion (left foreclaw) {+Fly MR+}
   (You found it on level 6 of the Dungeon)

   [ring of flight]

   It affects your resistance to hostile enchantments.
   It lets you fly.
   It has a curse placed upon it.
 E - an uncursed ring of fire
   (You found it on level 4 of the Lair of Beasts)
 O - a +6 ring of protection
   (You found it on level 1 of the Elven Halls)
 U - the cursed ring "Zefez" {rF+ Stlth--}
   (You took it off a deep elf archer on level 3 of the Elven Halls)

   [ring of attention]

   It protects you from fire.
   It makes you much less stealthy.
   It has a curse placed upon it.
 V - the cursed ring "Qyleili" (right foreclaw) {*Corrode rElec MR+ SInv}
   (You found it on level 4 of the Depths)

   [ring of insulation]

   It insulates you from electricity.
   It affects your resistance to hostile enchantments.
   It lets you see invisible.
   It may corrode you when you take damage.
   It has a curse placed upon it.
Wands
 o - a wand of acid (17)
   (You found it on level 1 of the Snake Pit)
 r - a wand of clouds (11)
   (You found it on level 1 of the Vaults)
 v - a wand of digging (24)
   (You took it off Vashnia on level 2 of the Snake Pit)
 D - a wand of iceblast (45)
   (You found it on level 12 of the Dungeon)
 L - a wand of paralysis (36)
   (You found it on level 2 of the Lair of Beasts)
 X - a wand of enslavement (20)
   (You found it on level 3 of the Lair of Beasts)
Scrolls
 g - 5 scrolls of amnesia
 j - 7 scrolls of magic mapping
 l - 4 scrolls of immolation
 p - 3 scrolls of silence
 t - 12 scrolls of teleportation
 z - 10 scrolls of blinking
 J - 4 scrolls of fog
 M - 23 scrolls of remove curse
 Q - 3 scrolls of fear
Potions
 d - 3 potions of might
 h - a potion of haste
 i - 6 potions of berserk rage
 k - 6 potions of invisibility
 n - 2 potions of resistance
 q - 15 potions of curing
 s - 4 potions of agility
 u - 6 potions of magic
 w - 9 potions of heal wounds
 A - 3 potions of mutation
 I - 6 potions of brilliance
 S - 5 potions of ambrosia
 T - 5 potions of cancellation
Miscellaneous
 a - 3 boxes of beasts
 f - a phial of floods (inert)
   (You found it on level 3 of the Elven Halls)
 G - a lamp of fire
   (You found it on level 2 of the Shoals)
 N - a fan of gales (2/2)
   (You found it on level 6 of the Lair of Beasts)
 R - 3 phantom mirrors
Comestibles
 e - 41 rations {!d}


   Skills:
 - Level 20.5(24.0) Fighting
 - Level 9.7(14.0) Dodging
 - Level 2.0(5.3) Stealth
 - Level 17.0 Unarmed Combat
 - Level 18.0 Spellcasting
 + Level 22.1(25.4) Conjurations
 - Level 6.4(11.0) Hexes
 - Level 10.6(14.9) Charms
 - Level 13.0(17.1) Transmutations
 - Level 21.6(25.0) Fire Magic
 - Level 4.5(8.9) Air Magic
 - Level 5.5(10.0) Evocations


You had 4 spell levels left.
You knew the following spells:

 Your Spells              Type           Power        Failure   Level  Hunger
a - Orb of Destruction    Conj           #########.   1%          7    ###....
b - Steam Barrier         Chrm/Fire      ########..   1%          6    None
c - Mana Rupture          Conj/Hex       ########..   1%          7    ###....
d - Ignition              Fire           #########.   1%          8    #####..
e - Irradiate             Conj/Tmut      ########..   1%          5    None
f - Fire Storm            Conj/Fire      #########.   7%          9    ######.
h - Dragon Form           Tmut           #######      1%          7    ###....
i - Deflect Missiles      Chrm/Air       ########..   2%          6    None
j - Regeneration          Chrm/Necr      ########..   1%          3    None

Your spell library contained the following spells:

 Spells                   Type           Power        Failure   Level  Hunger
 Apportation              Tloc           ######       1%          1    None
 Beastly Appendage        Tmut           ######       1%          1    None
 Blink Other              Tloc           ######       1%          1    None
 Corona                   Hex            #######      1%          1    None
 Flame Tongue             Conj/Fire      #####        1%          1    None
 Freeze                   Ice            ######       1%          1    None
 Magic Dart               Conj           ####         1%          1    None
 Pain                     Necr           ######       1%          1    None
 Sandblast                Erth           ######       1%          1    None
 Shock                    Conj/Air       #####        1%          1    None
 Sting                    Conj/Pois      ####         1%          1    None
 Summon Small Mammal      Summ           ####         1%          1    None
 Ensorcelled Hibernation  Hex/Ice        ######       1%          2    None
 Flaming Arrows           Chrm/Fire      ########     1%          2    None
 Passwall                 Tmut/Erth      ########     1%          2    None
 Searing Ray              Conj           ########     1%          2    None
 Shackle                  Hex            ########     1%          2    None
 Sticks to Snakes         Tmut           ########     1%          2    None
 Swiftness                Chrm/Air       ########     1%          2    None
 Throw Frost              Conj/Ice       ######       1%          2    None
 Confuse                  Hex            ########     1%          3    None
 Conjure Flame            Conj/Fire      ########     1%          3    None
 Dazzling Orbs            Conj/Hex       #######      1%          3    None
 False Image              Hex/Summ       #######.     1%          3    None
 Ignite Poison            Fire/Tmut/Pois ########     1%          3    None
 Inner Flame              Hex/Fire       N/A          1%          3    None
 Iskenderun's Mystic Bla  Conj           ########     1%          3    None
 Ozocubu's Armour         Chrm/Ice       ########     1%          3    None
 Spider Form              Tmut/Pois      ###          1%          3    None
 Static Discharge         Air            ########     1%          3    None
 Stone Arrow              Conj/Erth      ######       1%          3    None
 Tukima's Dance           Hex            ########     1%          3    None
 Airstrike                Air            ########..   1%          4    None
 Cause Fear               Hex            ########..   1%          4    None
 Fulminant Prism          Conj/Hex       ########..   1%          4    None
 Ice Form                 Ice/Tmut       ########     1%          4    None
 Petrify                  Tmut/Erth      ########..   1%          4    None
 Sticky Flame             Conj/Fire      ########     1%          4    None
 Throw Icicle             Conj/Ice       ########     1%          4    None
 Tree Form                Hex/Tmut       N/A          1%          4    None
 Yara's Violent Unravell  Hex/Tmut       ########..   1%          4    None
 Call Imp                 Summ           ######       2%          2    None
 Corpse Rot               Necr           N/A          2%          2    None
 Sublimation of Blood     Necr           ######....   2%          2    None
 Call Canine Familiar     Summ           ######..     4%          3    None
 Recall                   Summ/Tloc      N/A          4%          3    None
 Teleport Other           Tloc           ######..     4%          3    None
 Animate Dead             Necr           N/A          14%         4    None
 Force Lance              Tloc           ######..     14%         4    None
 Summon Ice Beast         Ice/Summ       ######..     14%         4    None
 Summon Scorpions         Summ/Pois      ######..     14%         4    None
 Blade Hands              Tmut           ########..   1%          5    None
 Bolt of Draining         Conj/Necr      ########..   1%          5    None
 Bolt of Magma            Conj/Fire/Erth ########..   1%          5    None
 Fireball                 Conj/Fire      #########.   1%          5    None
 Iskenderun's Battlesphe  Conj/Chrm      ########     1%          5    None
 Lightning Bolt           Conj/Air       ########..   1%          5    None
 Piercing Shot            Chrm           ########..   1%          5    None
 Silence                  Hex/Air        ########..   1%          5    None
 Bolt of Cold             Conj/Ice       ########..   1%          6    None
 Bolt of Fire             Conj/Fire      #########.   1%          6    None
 Conjure Ball Lightning   Conj/Air       ########..   1%          6    None
 Poison Arrow             Conj/Pois      ########..   1%          6    None
 Darkness                 Hex            ########..   3%          6    None
 Invisibility             Hex            ########     3%          6    None
 Metabolic Englaciation   Hex/Ice        #######...   5%          5    None
 Summon Mana Viper        Hex/Summ       #######.     5%          5    None
 Infestation              Hex/Tmut/Pois  ########.    6%          6    None
 Summon Lightning Spire   Summ/Air       #######.     8%          5    None
 Statue Form              Tmut/Erth      ########.    8%          6    None
 Icicle Burst             Conj/Ice       ########..   8%          7    ###....
 Chain Lightning          Conj/Air       ########..   11%         8    #####..
 Dispel Undead            Necr           ######..     34%         5    None
 Lee's Rapid Deconstruct  Erth           ######....   34%         5    None
 Summon Forest            Summ/Tloc      ######....   34%         5    None
 Lehudib's Crystal Spear  Conj/Erth      ########..   45%         8    #####..
 Glaciate                 Conj/Ice/Air   ########..   65%         8    #####..
 Borgnjor's Vile Clutch   Necr/Erth      ######....   87%         6    None
 Ozocubu's Refrigeration  Ice            ######....   87%         6    None
 Shadow Creatures         Summ           N/A          87%         6    None
 Summon Hydra             Summ           ######....   87%         6    None
 Time Stop                Chrm/Tloc      N/A          99%         8    #####..
 Controlled Blink         Tloc           ######..     100%        7    ###....
 Haunt                    Necr/Summ      ######....   100%        7    ###....
 Malign Gateway           Summ/Tloc      ######....   100%        7    ###....
 Monstrous Menagerie      Summ           ######....   100%        7    ###....
 Summon Greater Demon     Summ           ######....   100%        7    ###....
 Summon Horrible Things   Summ           ######....   100%        8    #####..
 Dragon's Call            Summ           ######....   100%        9    ######.
 Shatter                  Erth           ######....   100%        9    ######.
 Tornado                  Air            ########..   100%        9    ######.
 Passage of Golubria      Tloc           Unusable     N/A         5    N/A

Dungeon Overview and Level Annotations

Branches:
Dungeon (12/12)            Temple (1/1) D:5            Lair (6/6) D:9
 Shoals (3/3) Lair:4        Snake (3/3) Lair:4        Slime (0/5) Lair:6
    Orc (1/1) D:10            Elf (3/3) Orc          Vaults (3/3) D:12
  Crypt (0/2) Vaults:2     Depths (5/5) D:12            Zot (5/5) Depths:5

Altars:
Ashenzari
Cheibriados
Dithmenos
Elyvilon
Fedhas
Gozag
Hepliaklqana
Kikubaaqudgha
Lugonu
Makhleb
Nemelex Xobeh
Okawaru
Qazlal
Ru
Sif Muna
Trog
Uskayaw
Vehumet
Wu Jian
Xom
Yredelemnul
Zin
The Shining One
Beogh
Jiyva

Shops:
D:4 *   D:7 :   D:8 =   D:11 (   D:12 =(   Orc *::%   Elf:3 *=}}   Vaults:1 }
Vaults:2 }   Vaults:3 =

Portals:
Hell: Depths:1 Depths:2 Depths:3 Depths:4 Depths:5
Abyss: Depths:4
Pandemonium: Depths:3 Depths:4
Ziggurat: Depths:1

Annotations:
Lair:4 1 runed translucent door, dscm's ghost, novice OpAc
Lair:6 1 runed translucent door, FluffGlitter's ghost, journeyman MiFi
Elf:2 1 runed door


Innate Abilities, Weirdness & Mutations

You can breathe blasts of noxious fumes.
Your lurid green scales are hard. (AC +13)
You cannot fit into any form of body armour.
Your tail ends in a poisonous barb.
((Your system is resistant to poisons. (rPois)))
((You are cold-blooded and may be slowed by cold attacks.))
Your body sometimes deteriorates upon taking damage.
((Your flesh is heat resistant. (rF+)))
Your spells are a little harder to cast, but a little more powerful.


Message History

(D) Dungeon (T) Temple (L) Lair (A) Shoals (P) Snake Pit (M) Slime Pits (O) Orcish Mines (E) Elven Halls (V) Vaults (C) Crypt (U) Depths (H) Hell (Z) Zot
Where to? (Enter - D:1 @ (x,y), ? - help)
A sun demon is nearby!
Unknown command.
You maul the sun demon!!!
You kill the sun demon!
(D) Dungeon (T) Temple (L) Lair (A) Shoals (P) Snake Pit (M) Slime Pits (O) Orcish Mines (E) Elven Halls (V) Vaults (C) Crypt (U) Depths (H) Hell (Z) Zot
Where to? (Enter - D:1 @ (x,y), ? - help)
You sense a monster nearby.
A pandemonium lord and a lich come into view.
Feshuop squeals, "Away with thee, thou fawning beetle-headed fleecer!"
The lich shouts!
Unknown command.
Press: ? - help, v - describe, . - travel
Here: Feshuop, armed with a distorting touch You feel yourself speed up.
Evoke which item? (* to show all) (? for menu, Esc to quit)
You open the lid... ...and a juvenile batweird beast flies out!
The now-empty box falls apart.
The lich casts a spell.
The lich flickers and vanishes for a moment.
Your juvenile batweird beast hits Feshuop but does no damage.
Your juvenile batweird beast hits Feshuop but does no damage.
A lich comes into view.
Your juvenile batweird beast closely misses Feshuop.
Your juvenile batweird beast hits Feshuop but does no damage.
The lich mumbles some strange words.
The lich seems to speed up.
Really read with blurry vision while enemies are nearby? [Y]es or [N]o only, please.
Really read with blurry vision while enemies are nearby?
Okay, then.
Your juvenile batweird beast completely misses Feshuop.
Your juvenile batweird beast hits Feshuop!
Your juvenile batweird beast hits the lich but does no damage.
Your juvenile batweird beast grabs the lich.
Your juvenile batweird beast constricts the lich.
The lich launches a ball of destructive magic.
An orb of destruction comes into view.
Your juvenile batweird beast loses its grip on the lich.
There is an open door here.
The wavering orb of destruction hits Feshuop!!
Your juvenile batweird beast hits the lich!
Your juvenile batweird beast closely misses the lich.
Your juvenile batweird beast barely misses the lich.
Your juvenile batweird beast grabs the lich.
Your juvenile batweird beast constricts the lich.
The lich struggles to escape constriction.
Your juvenile batweird beast loses its grip on the lich.
There is a stone staircase leading up here.
Something touches your juvenile batweird beast!
You fly upwards.
There is a stone staircase leading down here.
Really quaff the potion of mutation?
You feel extremely strange.
You feel robust.
Your vision sharpens.
You feel robust.
You feel more energetic.
You feel yourself wasting away.
You feel resistant to heat.
(D) Dungeon (T) Temple (L) Lair (A) Shoals (P) Snake Pit (M) Slime Pits (O) Orcish Mines (E) Elven Halls (V) Vaults (C) Crypt (U) Depths (H) Hell (Z) Zot
Where to? (Enter - D:1 @ (x,y), ? - help)
What level of the Dungeon? (default 1, ? - help)
Your extra speed is starting to run out.
Magic restored.
There is a stone staircase leading down here.
There is a stone staircase leading up here.
You fly upwards.
There is a stone staircase leading down here.
You see here a cursed +0 flail.
Things that are here:
a +0 chain mail; a +0 whip
There is a stone staircase leading up, spattered with blood here.
You fly upwards.
There is a stone staircase leading down here.
There is a stone staircase leading up here.
You fly upwards.
There is a stone staircase leading down here.
You see here a +0 giant spiked club.
There is a stone staircase leading up, spattered with blood here.
You fly upwards.
There is a stone staircase leading down here.
There is a stone staircase leading up here.
You fly upwards.
There is a stone staircase leading down here.
There is a stone staircase leading up here.
You fly upwards.
There is a stone staircase leading down here.
There is a staircase leading out of the dungeon here.
You start resting.
HP restored.
You have escaped!

........{.....###..#
.....########## ##.## ### ..>..#
#########..### #.. ...).#
#............#########.# .#.###
#.♣♣♣♣♣♣♣♣♣............. ##.###
#.♣PP..PP..♣.###..##.#.. .....#
##.♣PP..P...♣.###..##.#..
##.#.####..♣..PP...P♣.(.......#..
##.........♣..P.D.PP♣.###..####..
......####.♣PP...P..♣......####..
###...# #.♣P...PP..♣..###.......
#...# #.♣...P..PP♣..########..
###...####.♣..PP..PP♣......# #..
............♣♣♣♣♣♣♣♣♣......######
........................÷..#.....
...........###.#######.....#.####
#.#...#.#### #.## #.....#.#...


There were no monsters in sight!

Vanquished Creatures
  3 juggernauts
  Mara (Depths:1)
  3 orbs of fire (Zot:5)
  7 ancient liches (Zot:5)
  The ghost of PeterMcNeter the Hoplite, a legendary VSFi of Uskayaw (Zot:5)
  4 Killer Klowns
  Sojobo (Vaults:3)
  15 golden dragons
  Bai Suzhen (Snake:2)
  Saint Roka (Depths:2)
  3 curse toes
  Vashnia (Snake:2)
  5 caustic shrikes
  A bone dragon (Depths:5)
  Nikola (Shoals:1)
  3 electric golems
  11 tentacled monstrosities
  A Hell Sentinel (Depths:5)
  Jorgrun (Elf:2)
  21 Orb Guardians (Zot:5)
  4 liches
  3 titans
  4 deep elf blademasters
  Asterion (Elf:1)
  7 quicksilver dragons
  A deep elf master archer (Elf:3)
  A death cob (Zot:5)
  Polyphemus (Shoals:2)
  8 sphinxes
  10 tengu reavers
  8 nagarajas
  12 storm dragons
  Donald (Snake:1)
  9 draconian monks
  Kirke (Lair:4)
  3 shadow dragons
  6 iron dragons
  7 draconian knights
  Roxanne (Snake:1)
  12 fire giants
  A balrug (Depths:5)
  12 frost giants
  7 draconian scorchers
  A ghost moth (Zot:5)
  An imperial myrmidon (Desolation)
  6 deep elf sorcerers (Elf:3)
  11 vault wardens
  Louise (Snake:2)
  9 draconian shifters
  22 stone giants
  3 spriggan defenders
  7 draconian stormcallers
  13 ironheart preservers
  4 war gargoyles
  13 very ugly things
  2 black suns (Depths:1)
  7 green draconians
  7 deep elf demonologists
  3 draconian annihilators
  13 purple draconians
  7 deep elf annihilators
  2 vampire knights (Depths:2)
  4 black draconians
  6 white draconians
  An entropy weaver (Vaults:3)
  7 yellow draconians
  7 red draconians
  3 spark wasps
  5 deep elf death magi
  7 ettins
  4 merfolk javelineers
  4 crystal guardians
  2 halazid warlocks (Desolation)
  A green death (Depths:3)
  5 ragged hierophants (Desolation)
  Urug (Lair:2)
  8 fire dragons
  9 merfolk impalers
  14 yaktaur captains
  8 great orbs of eyes
  6 ice dragons
  12 hydras
  Harold (Lair:2)
  3 deep elf high priests (Elf:3)
  9 naga warriors
  7 rakshasas
  2 monstrous demonspawn
  9 ogre magi
  A catoblepas (Shoals:2)
  A merfolk avatar (Shoals:1)
  2 spriggan air magi
  4 peacekeepers (Desolation)
  8 centaur warriors
  10 servants of whispers (Desolation)
  31 vault guards
  24 two-headed ogres
  24 anacondas
  14 death yaks
  3 merfolk aquamancers (Shoals:3)
  An alligator snapping turtle (Shoals:3)
  9 deep troll shamans
  2 satyrs
  3 tengu warriors (Depths:2)
  24 dancing weapons
  An alligator (shapeshifter) (Vaults:3)
  A vampire mage (Depths:5)
  4 death knights
  12 naga sharpshooters
  2 orc high priests (Elf:2)
  4 spriggan berserkers
  4 sea snakes
  2 soul eaters
  6 deep troll earth magi
  Nergalle (Orc)
  3 spriggans
  Sonja (Lair:4)
  11 shock serpents
  A deep troll (shapeshifter) (Depths:5)
  15 deep elf knights
  A sixfirhy (Depths:3)
  2 sun demons
  20 hell knights
  20 deep trolls
  2 salamander mystics
  An unseen horror (shapeshifter) (Vaults:3)
  3 skeletal warriors
  3 iron trolls (Depths:3)
  A spark wasp zombie (Depths:2)
  2 fire crabs (shapeshifter)
  A kraken simulacrum (Shoals:3)
  14 deep elf archers
  2 glowing orange brains
  A swamp dragon (shapeshifter) (Vaults:1)
  3 naga ritualists
  5 flayed ghosts
  A lindwurm (shapeshifter) (Depths:5)
  6 cyclopes
  10 wizards
  A gelid demonspawn (Depths:4)
  19 ironbrand convokers
  2 necromancers
  A lindwurm (Lair:6)
  6 mana vipers
  6 phantasmal warriors
  A wolf spider zombie (D:11)
  6 fauns (Shoals:1)
  40 slime creatures
  An orc sorcerer (Elf:2)
  27 ugly things
  14 manticores
  7 salamanders
  2 worldbinders (Depths:2)
  10 merfolk sirens
  13 moths of wrath
  66 deep elf magi
  8 vault sentinels
  11 guardian serpents
  A rust devil (D:12)
  5 elephants (Lair:6)
  19 naga magi
  19 black mambas
  3 gargoyles
  A frost giant skeleton (Depths:2)
  5 cane toads
  3 molten gargoyles
  5 ice statues (IceCv)
  3 water nymphs
  A hellion (Depths:4)
  10 komodo dragons
  2 storm dragon simulacra
  25 yaktaurs
  An ice devil (Zot:3)
  3 rime drakes
  An efreet (Zot:1)
  A tormentor (Depths:4)
  A queen bee (Lair:4)
  A golden dragon simulacrum (IceCv)
  5 freezing wraiths
  A hellwing (Depths:3)
  A troll (shapeshifter) (Depths:2)
  A red devil (Depths:3)
  A polar bear (Lair:2)
  9 trolls
  13 merfolk
  3 hornets
  2 wind drakes (Shoals:3)
  A wind drake (shapeshifter) (Depths:2)
  2 frost giant simulacra
  Prince Ribbit (D:7)
  5 snapping turtles
  47 saltlings (Desolation)
  6 hippogriffs
  6 blink frogs
  Sigmund (D:5)
  A meliai zombie (D:12)
  A redback (Vaults:3)
  3 air elementals
  A spriggan (shapeshifter) (Elf:2)
  36 water elementals
  A shadow (D:11)
  9 wyverns
  5 fire elementals
  11 yaks
  A vampire (D:12)
  2 humans (shapeshifter)
  2 fire bats (Lair:5)
  6 wraiths
  2 dire elephant simulacra (IceCv)
  4 basilisks
  10 humans (D:12)
  3 hungry ghosts
  5 vampire mosquitoes (D:12)
  A hog (shapeshifter) (Vaults:2)
  6 hogs (Lair:4)
  3 steam dragons
  2 chaos spawn (Depths:4)
  45 nagas
  3 iron troll simulacra (IceCv)
  2 soldier ants (shapeshifter)
  10 crocodiles
  3 hydra simulacra (IceCv)
  Duvessa (D:4)
  2 wargs
  7 hell hounds
  2 water moccasins
  2 floating eyes
  13 orc warriors
  8 porcupines
  A black bear (shapeshifter) (Vaults:1)
  7 ice beasts
  2 black bears
  5 sky beasts
  An ettin simulacrum (Vaults:1)
  48 ogres
  A phantom (D:6)
  10 boggarts
  6 wolves (Lair:4)
  13 centaurs
  A big kobold (D:6)
  10 bullfrogs
  Blork the orc (D:5)
  A gnoll sergeant (D:9)
  An earth elemental (Elf:1)
  Dowan (D:4)
  6 scorpions
  27 killer bees
  13 wights
  7 howler monkeys
  6 electric eels
  3 crimson imps
  5 lava snakes (Lair:6)
  4 centaur zombies
  A jelly (D:9)
  3 quasits (Depths:3)
  A bullfrog zombie (D:5)
  3 centaur skeletons
  7 hounds
  15 orc priests
  12 orc wizards
  2 bullfrog skeletons
  2 iguanas
  Ijyb (D:5)
  Jessica (D:2)
  An iguana (shapeshifter) (Depths:1)
  4 hell rats (Lair:3)
  10 worker ants
  3 hound zombies
  A howler monkey skeleton (D:10)
  7 gnolls
  14 adders
  4 shadow imps
  3 white imps
  2 ufetubi (Depths:3)
  2 oozes
  3 adder skeletons
  An adder zombie (D:7)
  A worm (D:2)
  A dart slug (D:6)
  5 leopard geckos
  46 orcs
  A ball python (D:1)
  4 bats
  5 giant cockroaches
  8 goblins
  9 hobgoblins
  2 jackals (D:6)
  5 quokkas
  6 frilled lizards
  7 kobolds
  A quokka skeleton (D:4)
  4 rats
  6 fire vortices
  A fulminant prism (Lair:6)
  2 fungi (Lair:6)
  3 plants
1878 creatures vanquished.

Vanquished Creatures (collateral kills)
  A white draconian (Zot:5)
  2 deep elf magi (Elf:3)
3 creatures vanquished.

Vanquished Creatures (others)
  An ancient lich (Zot:5)
  A frost giant (Depths:4)
  2 deep elf magi
  A crocodile (Lair:6)
  A water moccasin (Lair:6)
  A bullfrog (D:8)
  7 bushes (D:8)
  A butterfly (Lair:6)
  17 fire vortices
  113 fulminant prisms
  9 fungi
  19 plants
  4 tentacles (Shoals:3)
177 creatures vanquished.

Grand Total: 2058 creatures vanquished

Notes
Turn   | Place    | Note
-------+----------+-------------------------------------------
     0 | D:1      | Artagas the Draconian Conjurer began the quest for the Orb.
     0 | D:1      | Reached XP level 1. HP: 14/14 MP: 3/3
   198 | D:1      | Reached XP level 2. HP: 20/20 MP: 0/5
   292 | D:1      | Got a crude steel amulet
   935 | D:1      | Learned a level 2 spell: Searing Ray
  1157 | D:2      | Identified the amulet "Osauzub" {Inacc rN+} (You found it
                  | on level 1 of the Dungeon)
  1168 | D:2      | Reached XP level 3. HP: 26/26 MP: 1/7
  1299 | D:2      | Learned a level 3 spell: Iskenderun's Mystic Blast
  1318 | D:2      | Reached skill level 3 in Spellcasting
  1649 | D:2      | Reached skill level 5 in Conjurations
  1695 | D:2      | Noticed Jessica
  1741 | D:2      | Killed Jessica
  1741 | D:2      | Reached skill level 1 in Fighting
  1741 | D:2      | Reached skill level 2 in Dodging
  1741 | D:2      | Reached XP level 4. HP: 35/35 MP: 4/8
  2066 | D:2      | Reached skill level 2 in Fighting
  2180 | D:3      | Reached XP level 5. HP: 35/42 MP: 1/9
  2387 | D:3      | Learned a level 4 spell: Fulminant Prism
  2945 | D:3      | Reached skill level 3 in Fighting
  3359 | D:4      | Noticed a sky beast
  3367 | D:3      | Reached skill level 1 in Hexes
  3450 | D:3      | Killed a sky beast
  3450 | D:3      | Reached skill level 2 in Hexes
  3450 | D:3      | Reached XP level 6. HP: 27/51 MP: 0/10
  3617 | D:4      | Reached skill level 6 in Conjurations
  3617 | D:4      | Reached skill level 3 in Hexes
  3936 | D:4      | Found Ixiusi's General Store.
  3986 | D:4      | Bought a scroll of blinking for 82 gold pieces
  4030 | D:4      | Noticed a sky beast
  4060 | D:4      | Killed a sky beast
  4060 | D:4      | Your scales start taking on a lurid green colour.
  4060 | D:4      | Reached XP level 7. HP: 47/57 MP: 1/11
  4060 | D:4      | Gained mutation: Your system is resistant to poisons.
                  | (rPois) [Green Draconian growth]
  4138 | D:4      | Reached skill level 7 in Conjurations
  4248 | D:4      | Noticed Duvessa
  4269 | D:4      | Noticed Dowan
  4384 | D:4      | Killed Duvessa
  4384 | D:4      | Reached skill level 4 in Spellcasting
  4442 | D:4      | Killed Dowan
  4529 | D:4      | Found a sparkling altar of Nemelex Xobeh.
  4638 | D:5      | Entered Level 5 of the Dungeon
  4826 | D:5      | Reached skill level 4 in Fighting
  4887 | D:5      | Reached XP level 8. HP: 66/66 MP: 8/15
  4942 | D:5      | Reached skill level 5 in Spellcasting
  4946 | D:5      | Noticed Ijyb
  4999 | D:4      | Learned a level 5 spell: Irradiate
  5090 | D:5      | Killed Ijyb
  5094 | D:5      | Reached skill level 1 in Transmutations
  5167 | D:5      | Found a staircase to the Ecumenical Temple.
  5191 | D:5      | Noticed Sigmund
  5196 | D:5      | Killed Sigmund
  5196 | D:5      | Reached skill level 5 in Fighting
  5196 | D:5      | Reached skill level 2 in Transmutations
  5344 | D:5      | Noticed Blork the orc
  5361 | Temple   | Entered the Ecumenical Temple
  5524 | D:5      | Killed Blork the orc
  5607 | D:5      | Found a sacrificial altar of Ru.
  5612 | D:5      | Reached skill level 3 in Transmutations
  6400 | Temple   | Became a worshipper of Sif Muna the Loreminder
  6455 | D:6      | Found a hide-covered altar of Uskayaw.
  6462 | D:6      | Noticed a +0 dagger
  6463 | D:6      | Noticed a +0 dagger
  6526 | D:6      | Reached skill level 8 in Conjurations
  6648 | D:6      | Reached skill level 4 in Transmutations
  6832 | D:6      | Reached * piety under Sif Muna
  6925 | D:6      | Reached XP level 9. HP: 43/74 MP: 4/16
  6925 | D:6      | Identified Nizaluch's Incunabulum of the Traveller (Sif
                  | Muna gifted it to you on level 6 of the Dungeon)
  6925 | D:6      | Received a gift from Sif Muna
  7142 | D:6      | Reached skill level 5 in Transmutations
  7164 | D:6      | Got a brightly glowing glass ring
  7508 | D:6      | Reached skill level 9 in Conjurations
  7509 | D:6      | Reached skill level 6 in Transmutations
  8037 | D:4      | Bought an uncursed staff of power for 275 gold pieces
  8437 | D:7      | Noticed Prince Ribbit
  8458 | D:7      | Killed Prince Ribbit
  8458 | D:7      | Reached skill level 6 in Spellcasting
  8594 | D:7      | Found Coxkela's Book Shop.
  8635 | D:7      | Reached skill level 6 in Fighting
  9107 | D:7      | Reached ** piety under Sif Muna
  9469 | D:7      | Identified the ring of Youthful Indiscretion {+Fly MR+}
                  | (You found it on level 6 of the Dungeon)
  9538 | D:8      | Reached XP level 10. HP: 80/83 MP: 19/19
  9541 | D:8      | Reached skill level 7 in Transmutations
  9649 | D:8      | Reached skill level 10 in Conjurations
  9649 | D:8      | Reached skill level 1 in Evocations
  9765 | D:8      | Found Nucuack's Jewellery Shoppe.
  9960 | D:8      | Received a gift from Sif Muna
  9982 | D:8      | Noticed a two-headed ogre
  9990 | D:8      | Killed a two-headed ogre
  9990 | D:8      | Reached skill level 2 in Evocations
 10370 | D:8      | Reached skill level 3 in Dodging
 10793 | D:8      | Learned a level 2 spell: Sticks to Snakes
 10876 | D:9      | Noticed a skeletal warrior
 10915 | D:8      | Killed a skeletal warrior
 10915 | D:8      | Reached skill level 7 in Fighting
 10915 | D:8      | Reached skill level 3 in Evocations
 11053 | D:9      | Reached skill level 4 in Dodging
 11053 | D:9      | Reached skill level 7 in Spellcasting
 11263 | D:9      | Noticed a gargoyle
 11273 | D:9      | Reached skill level 4 in Evocations
 11286 | D:9      | Killed a gargoyle
 11641 | D:9      | Found a staircase to the Lair.
 11676 | D:9      | Got a twitching marble ring
 11677 | D:9      | Identified the ring "Ysietaf" {Str+4 Stlth++} (You found it
                  | on level 9 of the Dungeon)
 11821 | D:9      | Noticed a centaur warrior
 11829 | D:9      | Killed a centaur warrior
 11829 | D:9      | Reached XP level 11. HP: 55/94 MP: 22/22
 12011 | D:9      | Reached skill level 8 in Fighting
 12394 | Lair:1   | Entered Level 1 of the Lair of Beasts
 12501 | Lair:1   | Reached *** piety under Sif Muna
 12501 | Lair:1   | Reached skill level 8 in Spellcasting
 12503 | Lair:1   | Reached skill level 1 in Invocations
 12742 | Lair:1   | Reached skill level 2 in Invocations
 13439 | Lair:1   | Reached skill level 3 in Invocations
 13738 | Lair:2   | Identified Sif Muna's Catalogue of Boosting Conjuration
                  | (Sif Muna gifted it to you on level 2 of the Lair of
                  | Beasts)
 13738 | Lair:2   | Received a gift from Sif Muna
 13833 | Lair:2   | Reached skill level 9 in Fighting
 13841 | Lair:2   | Learned a level 5 spell: Iskenderun's Battlesphere
 13870 | Lair:2   | Noticed Harold
 13879 | Lair:2   | Killed Harold
 13879 | Lair:2   | Reached skill level 1 in Charms
 13879 | Lair:2   | Reached skill level 4 in Invocations
 14181 | Lair:2   | Reached skill level 9 in Spellcasting
 14305 | Lair:2   | Noticed Urug
 14309 | Lair:2   | Reached skill level 2 in Charms
 14317 | Lair:2   | Killed Urug
 14317 | Lair:2   | Reached skill level 3 in Charms
 14317 | Lair:2   | Reached skill level 5 in Invocations
 14828 | Lair:3   | Found a stormy altar of Qazlal.
 14958 | Lair:3   | Reached skill level 4 in Charms
 15225 | Lair:3   | Reached XP level 12. HP: 83/104 MP: 17/25
 15858 | Lair:4   | Noticed an eight-headed hydra
 15870 | Lair:4   | Killed an eight-headed hydra
 15870 | Lair:4   | Reached skill level 5 in Dodging
 16040 | Lair:4   | Found a staircase to the Shoals.
 16062 | Lair:4   | Identified Sif Muna's Compendium of Stones and Changing
                  | (Sif Muna gifted it to you on level 4 of the Lair of
                  | Beasts)
 16062 | Lair:4   | Received a gift from Sif Muna
 16306 | Lair:4   | Reached skill level 10 in Fighting
 16326 | Lair:4   | Noticed Kirke
 16336 | Lair:4   | Killed Kirke
 16336 | Lair:4   | Reached skill level 6 in Dodging
 16336 | Lair:4   | Reached skill level 10 in Spellcasting
 16510 | Lair:4   | Found a runed translucent door.
 16510 | Lair:4   | Found a shimmering altar of Xom.
 16511 | Lair:4   | Noticed dscm's ghost (novice OpAc)
 16589 | Lair:4   | Noticed Sonja
 16595 | Lair:4   | Killed Sonja
 16670 | Lair:4   | Reached skill level 8 in Transmutations
 17024 | Lair:4   | Found a staircase to the Snake Pit.
 17268 | Lair:4   | Reached skill level 9 in Transmutations
 17794 | Lair:5   | Received a gift from Sif Muna
 17799 | Lair:5   | Reached skill level 10 in Transmutations
 17923 | Lair:5   | Reached **** piety under Sif Muna
 18722 | Lair:6   | Entered Level 6 of the Lair of Beasts
 18730 | Lair:6   | Noticed a seven-headed hydra
 18737 | Lair:6   | Killed a seven-headed hydra
 18737 | Lair:6   | Reached XP level 13. HP: 94/113 MP: 0/27
 19130 | Lair:6   | Reached skill level 11 in Transmutations
 19840 | Lair:6   | Reached skill level 12 in Transmutations
 19849 | Lair:6   | Learned a level 7 spell: Dragon Form
 20067 | Lair:6   | Found a runed translucent door.
 20068 | Lair:6   | Noticed FluffGlitter's ghost (journeyman MiFi)
 20088 | Lair:6   | Reached skill level 1 in Unarmed Combat
 20177 | Lair:6   | Identified Sif Muna's Disquisition on Attacks and
                  | Intoxication (Sif Muna gifted it to you on level 6 of the
                  | Lair of Beasts)
 20177 | Lair:6   | Received a gift from Sif Muna
 20177 | Lair:6   | Reached skill level 2 in Unarmed Combat
 20235 | Lair:6   | Reached skill level 3 in Unarmed Combat
 20362 | Lair:6   | Found a large runed door.
 20363 | Lair:6   | Found a large runed door.
 20366 | Lair:6   | Reached skill level 4 in Unarmed Combat
 20444 | Lair:6   | Reached skill level 5 in Unarmed Combat
 20508 | Lair:6   | Noticed a fire dragon
 20516 | Lair:6   | Killed a fire dragon
 20645 | Lair:6   | Reached skill level 6 in Unarmed Combat
 20653 | Lair:6   | Reached skill level 7 in Unarmed Combat
 20948 | Lair:6   | Found a runed door.
 20948 | Lair:6   | Found a viscous altar of Jiyva.
 20949 | Lair:6   | Noticed an acid blob
 20951 | Lair:6   | Found a staircase to the Slime Pits.
 20952 | Lair:6   | Noticed an acid blob
 21337 | D:10     | Entered Level 10 of the Dungeon
 21362 | D:10     | Reached skill level 8 in Unarmed Combat
 21626 | D:10     | Found a staircase to the Orcish Mines.
 21737 | D:10     | Gained mutation: Your tail ends in a poisonous barb. [Green
                  | Draconian growth]
 21737 | D:10     | Reached XP level 14. HP: 121/121 MP: 28/28
 21967 | D:11     | Reached skill level 9 in Unarmed Combat
 21995 | D:11     | Got a shimmering hand crossbow
 22469 | D:11     | Found a portal to a secret trove of treasure.
 22495 | Trove    | Entered a treasure trove
 22520 | Trove    | Got a polished medium shield
 22555 | Trove    | Got a vibrating platinum amulet
 22559 | Trove    | Got a coiled iron amulet
 22561 | Trove    | Got an ancient bronze amulet
 22595 | D:11     | Identified the cursed amulet of Sizeum {Inacc rC+} (You
                  | found it in a treasure trove)
 22602 | D:11     | Identified the +3 medium shield of Caimeax {Dex+5} (You
                  | found it in a treasure trove)
 22635 | D:11     | Identified the cursed amulet "Riwnacuz" {Inacc rF+ MR++
                  | Int-4 Dex+3} (You found it in a treasure trove)
 22638 | D:11     | Identified the amulet "Qefuestio" {Inacc Str-2 Int-5 Dex+5
                  | SInv} (You found it in a treasure trove)
 22824 | D:11     | Found Nisalegh's Antique Weapon Shop.
 23069 | D:11     | Reached skill level 10 in Unarmed Combat
 23233 | D:12     | Entered Level 12 of the Dungeon
 23377 | D:12     | Found Ruomiopp's Weapon Shoppe.
 23406 | D:12     | Found Wyiczaq's Jewellery Shop.
 23442 | D:12     | Reached skill level 11 in Unarmed Combat
 23649 | D:12     | Identified the +0 medium shield of the Stallion {rC+
                  | Stlth+}
 23676 | D:12     | Found a gate to the Vaults.
 23833 | D:12     | Reached skill level 12 in Unarmed Combat
 24206 | D:12     | Found a staircase to the Depths.
 24358 | Orc      | Entered the Orcish Mines
 24358 | Orc      | Found a roughly hewn altar of Beogh.
 24662 | Temple   | Fell from the grace of Sif Muna
 24662 | Temple   | Became a worshipper of Ashenzari the Shackled
 25217 | Orc      | Found a staircase to the Elven Halls.
 25284 | Orc      | Gained mutation: You tend to lose your temper in combat.
                  | [mutagenic glow]
 25334 | D:10     | Gained mutation: You often lose your temper in combat.
                  | [mutagenic glow]
 25375 | Orc      | Lost mutation: You often lose your temper in combat.
                  | [potion of mutation]
 25375 | Orc      | Lost mutation: You tend to lose your temper in combat.
                  | [potion of mutation]
 25375 | Orc      | Gained mutation: Your magical capacity is low. (-10% MP)
                  | [potion of mutation]
 25375 | Orc      | Gained mutation: Your spells are a little harder to cast,
                  | but a little more powerful. [potion of mutation]
 25378 | Orc      | Noticed Nergalle
 25387 | Orc      | Killed Nergalle
 25926 | Orc      | Reached skill level 13 in Transmutations
 25953 | Orc      | Found Niradwum's Book Emporium.
 25960 | Orc      | Reached skill level 13 in Unarmed Combat
 25992 | Orc      | Found Dekker's General Store.
 25993 | Orc      | Found Tizuati Nuth's Book Boutique.
 25999 | Orc      | Found Pimaat's Food Shoppe.
 26023 | Orc      | Reached XP level 15. HP: 127/127 MP: 26/26
 26027 | Orc      | Bought a scroll of identify for 30 gold pieces
 26419 | Orc      | Learned a level 3 spell: Ozocubu's Armour
 26597 | Snake:1  | Entered Level 1 of the Snake Pit
 26608 | Snake:1  | Identified the +8 hand crossbow of Massacring {penet, +Fly
                  | rN++ MR+ Str-3} (You found it on level 11 of the Dungeon)
 26756 | D:11     | Identified the +8 hand crossbow of Massacring {penet, +Fly
                  | rN++ MR+ Str-3} (You found it on level 11 of the Dungeon)
 27098 | D:12     | Bought the ring "Wiwkatyo" {+Fly rElec rPois Str+3 SInv}
                  | for 610 gold pieces
 27358 | Snake:1  | Reached skill level 11 in Fighting
 27505 | Snake:1  | Reached * piety under Ashenzari
 27526 | Snake:1  | Noticed a nagaraja
 27541 | Snake:1  | Killed a nagaraja
 27636 | Snake:1  | Noticed Roxanne
 27727 | Snake:1  | Noticed Donald
 27754 | Snake:1  | Killed Donald
 27754 | Snake:1  | Reached skill level 12 in Fighting
 27833 | Snake:1  | Killed Roxanne
 27836 | Snake:1  | Identified Roxanne's Collected Works on Transmigration (You
                  | took it off Roxanne on level 1 of the Snake Pit)
 27867 | Snake:1  | Reached skill level 5 in Charms
 28077 | Snake:1  | Identified the +5 morningstar "Otinejee" {freeze, MR++
                  | Dex+2}
 28650 | Snake:2  | Noticed Bai Suzhen
 28667 | Snake:2  | Killed Bai Suzhen
 28667 | Snake:2  | Reached skill level 6 in Charms
 28811 | Snake:2  | Noticed Vashnia
 28850 | Snake:2  | Killed Vashnia
 28855 | Snake:2  | Reached skill level 11 in Spellcasting
 28862 | Snake:2  | Reached skill level 7 in Charms
 29035 | Snake:2  | HP: 29/198 [salamander/+0 glaive (4)]
 29148 | Snake:2  | Reached skill level 8 in Charms
 29219 | Snake:2  | Noticed Louise
 29225 | Snake:2  | Killed Louise
 29514 | Snake:2  | Reached ** piety under Ashenzari
 29718 | Snake:3  | Entered Level 3 of the Snake Pit
 29731 | Snake:3  | Noticed a nagaraja
 29747 | Snake:3  | Killed a nagaraja
 29747 | Snake:3  | Reached XP level 16. HP: 139/139 MP: 24/28
 29815 | Snake:3  | Reached skill level 12 in Spellcasting
 29827 | Snake:3  | Learned a level 6 spell: Steam Barrier
 29871 | Snake:3  | Reached skill level 1 in Fire Magic
 29881 | Snake:3  | Reached skill level 2 in Fire Magic
 29905 | Snake:3  | Found a frozen archway.
 29917 | IceCv    | Entered an ice cave
 29935 | IceCv    | Reached skill level 3 in Fire Magic
 30199 | IceCv    | Reached skill level 4 in Fire Magic
 30532 | IceCv    | Reached skill level 5 in Fire Magic
 30868 | Snake:3  | Reached skill level 6 in Fire Magic
 31020 | Snake:3  | Reached skill level 7 in Fire Magic
 31402 | Snake:3  | Reached skill level 8 in Fire Magic
 31415 | Snake:3  | Reached skill level 9 in Charms
 31679 | Snake:3  | Reached XP level 17. HP: 148/148 MP: 29/29
 31785 | Snake:3  | Reached skill level 9 in Fire Magic
 31792 | Snake:3  | Reached skill level 10 in Charms
 31828 | Snake:3  | Reached skill level 13 in Fighting
 32016 | Snake:3  | Identified a lightning rod (4/4) (You found it in an ice
                  | cave)
 32016 | Snake:3  | Got a serpentine rune of Zot
 32466 | Orc      | Bought a book of the Sky for 910 gold pieces
 32475 | Orc      | Learned a level 6 spell: Deflect Missiles
 32673 | Shoals:1 | Entered Level 1 of the Shoals
 32724 | Shoals:1 | Reached skill level 1 in Air Magic
 32895 | Shoals:1 | Reached skill level 2 in Air Magic
 33044 | Shoals:1 | Noticed Nikola
 33067 | Shoals:1 | Killed Nikola
 33067 | Shoals:1 | Reached skill level 3 in Air Magic
 33466 | Shoals:2 | Noticed Polyphemus
 33469 | Shoals:2 | Reached skill level 4 in Air Magic
 33494 | Shoals:2 | Reached *** piety under Ashenzari
 33577 | Shoals:2 | Killed Polyphemus
 34124 | Shoals:3 | Entered Level 3 of the Shoals
 34507 | Shoals:3 | Reached skill level 13 in Spellcasting
 34508 | Shoals:3 | Reached **** piety under Ashenzari
 34976 | Shoals:3 | Got a barnacled rune of Zot
 35120 | Shoals:3 | Identified the +2 long sword of Ofus {venom, rElec rC- MR+
                  | Str+2}
 35411 | Vaults:1 | Entered Level 1 of the Vaults
 35455 | Vaults:1 | Reached skill level 14 in Spellcasting
 35540 | Vaults:1 | Reached XP level 18. HP: 157/157 MP: 25/32
 35770 | Vaults:1 | Identified the cursed +1 quarterstaff "Hell-Harrower"
                  | {venom, *Noise rN+ Str+3 Int+4}
 35933 | Vaults:1 | Identified the +4 chain mail of Shielding {rF++ Slay+5}
 36500 | Vaults:1 | Reached skill level 14 in Unarmed Combat
 36589 | Vaults:1 | Found Ohuef's Gadget Shop.
 36808 | Vaults:1 | Identified the ring "Joamodit" {Ice *Drain rPois rN+}
 37030 | Vaults:2 | Reached skill level 15 in Unarmed Combat
 37033 | Vaults:2 | Reached skill level 14 in Fighting
 37318 | Vaults:2 | Reached ***** piety under Ashenzari
 37533 | Vaults:2 | Found a ruined gateway.
 37534 | Vaults:2 | Identified the cursed +1 trident "Qud Vut" {pierce, rF+++
                  | rN+ MR- Str+4}
 37538 | Vaults:2 | Found Ismyr's Gadget Shop.
 37542 | Desolati | Entered the Desolation of Salt
 37637 | Desolati | Identified the ring of the Doge {Fire *Contam MP+9 Dex+5}
 37640 | Desolati | Reached XP level 19. HP: 168/168 MP: 19/34
 37642 | Desolati | Reached skill level 15 in Spellcasting
 37653 | Desolati | Learned a level 7 spell: Orb of Destruction
 37673 | Desolati | Identified the Grimoire of Doomed Execration
 37676 | Desolati | Identified the Compendium of the Frigorific Blaze
 37922 | Desolati | Reached skill level 11 in Conjurations
 38013 | Desolati | Identified the ring "Gaxiwuph" {Str+7 Int+3}
 38019 | Desolati | Identified the amulet "Imiejat" {Rage MP+9 Int+7}
 38021 | Desolati | Identified the Grimoire of Displacement
 38065 | Desolati | Identified the cursed +1 long sword of Subterfuge {drain,
                  | +Inv}
 38065 | Desolati | Identified the ring of Moral Flaws {*Tele *Drain rPois rF-
                  | rN+++}
 38291 | Desolati | Reached skill level 12 in Conjurations
 38434 | Vaults:2 | Reduced skill Invocations to level 4
 38439 | Vaults:2 | Reduced skill Invocations to level 3
 38439 | Vaults:2 | Reached skill level 10 in Fire Magic
 38445 | Vaults:2 | Reduced skill Invocations to level 2
 38521 | Vaults:2 | Reduced skill Invocations to level 1
 38524 | Vaults:2 | Reduced skill Invocations to level 0
 38962 | Vaults:2 | Found a staircase to the Crypt.
 38962 | Vaults:2 | Found an ancient bone altar of Kikubaaqudgha.
 38963 | Vaults:2 | Found a basalt altar of Yredelemnul.
 39391 | Elf:1    | Entered Level 1 of the Elven Halls
 39559 | Elf:1    | Reached skill level 11 in Fire Magic
 39931 | Elf:1    | Reached skill level 13 in Conjurations
 39946 | Elf:1    | Identified the Compendium of the Escort
 40409 | Elf:1    | Noticed Asterion
 40419 | Elf:1    | Killed Asterion
 40938 | Elf:2    | Identified the Tome of Conjuration
 41127 | Elf:2    | Reached skill level 12 in Fire Magic
 41140 | Elf:2    | Found a runed door.
 41164 | Elf:2    | Found a runed door.
 41337 | Elf:2    | Noticed Jorgrun
 41341 | Elf:2    | Killed Jorgrun
 41341 | Elf:2    | Reached XP level 20. HP: 176/176 MP: 30/35
 41578 | Elf:2    | Reached skill level 13 in Fire Magic
 41837 | Elf:3    | Entered Level 3 of the Elven Halls
 41837 | Elf:3    | Found Losuesm's Jewellery Boutique.
 41837 | Elf:3    | Found Naucim's Gadget Shoppe.
 41844 | Elf:3    | Found Ishroexu's Gadget Shoppe.
 41944 | Elf:3    | Reached skill level 14 in Fire Magic
 42587 | Elf:3    | Identified the +5 spear "Afecs" {venom, rElec}
 42679 | Elf:3    | Learned a level 3 spell: Inner Flame
 42861 | Elf:3    | Reached skill level 15 in Fire Magic
 43514 | Elf:3    | Identified the +8 battleaxe of Defiance {venom, +Blink
                  | rElec rC-}
 43520 | Elf:3    | Identified the ring of Eckeg {Fire Str+4}
 43569 | Elf:3    | Identified the cursed ring "Zefez" {rF+ Stlth--}
 43595 | Elf:3    | Reached skill level 16 in Fire Magic
 43807 | Elf:3    | Identified the +0 plate armour "Jazorul" {rPois rN+++ MR-
                  | Int-3}
 43813 | Elf:3    | Identified the +9 plate armour of the Crushed Hounds {rElec
                  | rF+ Dex-5}
 44011 | Elf:3    | Identified the Almanac of Flamy Necromancy
 44363 | Elf:3    | Found Vuppur's Assorted Antiques.
 44374 | Elf:3    | Bought a scroll of magic mapping for 91 gold pieces
 44696 | Orc      | Bought a book of the Tempests for 980 gold pieces
 44706 | Orc      | Learned a level 8 spell: Ignition
 44901 | Depths:1 | Entered Level 1 of the Depths
 44940 | Depths:1 | Reached XP level 21. HP: 153/182 MP: 36/36
 44988 | Depths:1 | Reached skill level 17 in Fire Magic
 45528 | Depths:1 | Noticed Mara
 45533 | Depths:1 | Killed Mara
 45795 | Depths:1 | Found a gateway to a ziggurat.
 45854 | Depths:1 | Reached ****** piety under Ashenzari
 45874 | Depths:1 | Found a gateway to Hell.
 45956 | Depths:1 | Found the amulet of Vitality {Regen HP+25}
 45976 | Depths:1 | Identified the cursed +0 ring mail of Pywenoef {+Blink rN+}
 45982 | Depths:1 | Identified the cursed +0 leather armour of Fivaetz {rPois
                  | rN+ MR+ rCorr}
 46275 | Depths:2 | Reached skill level 18 in Fire Magic
 47035 | Depths:2 | Identified the Volume of the Hidden Vale
 47128 | Depths:2 | Noticed a Killer Klown
 47140 | Depths:2 | Noticed a juggernaut
 47141 | Depths:2 | Killed a Killer Klown
 47152 | Depths:2 | Killed a juggernaut
 47234 | Depths:2 | Noticed a caustic shrike
 47239 | Depths:2 | Killed a caustic shrike
 47309 | Depths:2 | Reached skill level 16 in Spellcasting
 47759 | Depths:2 | Reached skill level 19 in Fire Magic
 48145 | Depths:3 | Noticed Saint Roka
 48181 | Depths:2 | Killed Saint Roka
 48181 | Depths:2 | Reached XP level 22. HP: 88/190 MP: 2/37
 48508 | Depths:3 | Learned a level 3 spell: Regeneration
 48529 | Depths:3 | Identified a scroll of acquirement
 49013 | Depths:3 | Noticed a caustic shrike
 49018 | Depths:3 | Killed a caustic shrike
 49018 | Depths:3 | Reached skill level 7 in Dodging
 49071 | Depths:3 | Reached skill level 15 in Fighting
 49075 | Depths:3 | Noticed a golden dragon
 49083 | Depths:3 | Killed a golden dragon
 49437 | Depths:3 | Found a one-way gate leading to the halls of Pandemonium.
 49629 | Depths:4 | Noticed a caustic shrike
 49629 | Depths:4 | Noticed a caustic shrike
 49631 | Depths:4 | Noticed a caustic shrike
 49635 | Depths:4 | Killed a caustic shrike
 49635 | Depths:4 | Reached skill level 8 in Dodging
 49636 | Depths:4 | Killed a caustic shrike
 49637 | Depths:4 | Killed a caustic shrike
 49862 | Depths:4 | Noticed a Killer Klown
 49927 | Depths:4 | Killed a Killer Klown
 50103 | Depths:4 | Reached skill level 16 in Fighting
 50188 | Depths:4 | Identified the ring "Qyleili" {*Corrode rElec MR+ SInv}
 50196 | Depths:4 | Reached skill level 9 in Dodging
 50202 | Depths:4 | Noticed a golden dragon
 50214 | Depths:4 | Killed a golden dragon
 50327 | Depths:4 | Identified the cursed +1 shortbow of Tuedaf {flame, *Drain
                  | Int+4} (You acquired it on level 4 of the Depths)
 50327 | Depths:4 | Identified the cursed +0 hat of Intuition {rPois rC- Regen+
                  | Stlth+} (You acquired it on level 4 of the Depths)
 50327 | Depths:4 | Identified the cursed ring "Hotatwuh" {+Fly Dex+2} (You
                  | acquired it on level 4 of the Depths)
 50327 | Depths:4 | Identified the Guide on the Scorching Glacier (You acquired
                  | it on level 4 of the Depths)
 50647 | Depths:4 | Noticed a juggernaut
 50649 | Depths:4 | Noticed a golden dragon
 50663 | Depths:4 | Killed a juggernaut
 50668 | Depths:4 | Killed a golden dragon
 50670 | Depths:4 | Reached XP level 23. HP: 204/204 MP: 6/38
 50952 | Depths:4 | Identified the +4 chain mail of Dogmatism {rN+ SInv}
 51105 | Depths:4 | Reached skill level 17 in Fighting
 51287 | Depths:4 | Found a one-way gate to the infinite horrors of the Abyss.
 51795 | D:7      | Bought a book of Burglary for 1050 gold pieces
 51803 | D:7      | Learned a level 6 spell: Invisibility
 52032 | Vaults:3 | Entered Level 3 of the Vaults
 52033 | Vaults:3 | Reached skill level 16 in Unarmed Combat
 52033 | Vaults:3 | Reached skill level 4 in Hexes
 52037 | Vaults:3 | Noticed a golden dragon
 52050 | Vaults:2 | Killed a golden dragon
 52312 | Vaults:3 | Identified the amulet "Tyawew" {Gourm Int+9}
 52314 | Vaults:3 | Reached skill level 18 in Fighting
 52459 | Vaults:3 | Reached skill level 17 in Unarmed Combat
 52994 | Vaults:3 | Reached skill level 5 in Hexes
 53162 | Vaults:3 | Identified the Incunabulum of Supportive Ignition
 53194 | Vaults:3 | Noticed Sojobo
 53197 | Vaults:3 | Reached skill level 20 in Fire Magic
 53201 | Vaults:3 | Killed Sojobo
 53201 | Vaults:3 | Reached skill level 6 in Hexes
 53338 | Vaults:3 | Identified the cursed +1 mace of Gomuchi {flame, rF+ rC+
                  | SInv}
 53548 | Vaults:3 | Reached XP level 24. HP: 218/218 MP: 38/38
 53613 | Vaults:3 | Reached skill level 5 in Evocations
 53715 | Vaults:3 | Found Onunoynu's Jewellery Shoppe.
 53776 | Vaults:3 | Reached skill level 14 in Conjurations
 54619 | Vaults:3 | Got a silver rune of Zot
 54984 | Depths:5 | Entered Level 5 of the Depths
 55161 | Depths:5 | Noticed a juggernaut
 55171 | Depths:5 | Killed a juggernaut
 55171 | Depths:5 | Reached skill level 21 in Fire Magic
 55362 | Depths:5 | Identified the +6 war axe "Datem" {protect, rPois}
 55630 | Depths:5 | Noticed a golden dragon
 55639 | Depths:5 | Killed a golden dragon
 55729 | Depths:5 | Identified the +6 plate armour of Gidghoden {Dex+4}
 55734 | Depths:5 | Noticed a golden dragon
 55739 | Depths:5 | Killed a golden dragon
 55739 | Depths:5 | Reached skill level 15 in Conjurations
 55894 | Depths:5 | Found a gate to the Realm of Zot.
 55920 | Depths:5 | Learned a level 7 spell: Mana Rupture
 55922 | Zot:1    | Entered Level 1 of the Realm of Zot
 56058 | Zot:2    | Gained mutation: Your body sometimes deteriorates upon
                  | taking damage. [mutagenic glow]
 56372 | Zot:2    | Reached XP level 25. HP: 225/225 MP: 39/39
 56449 | Zot:2    | Noticed a golden dragon
 56456 | Zot:2    | Killed a golden dragon
 56456 | Zot:2    | Reached skill level 17 in Spellcasting
 56709 | Zot:2    | Reached skill level 16 in Conjurations
 57153 | Zot:1    | Noticed a golden dragon
 57166 | Zot:1    | Killed a golden dragon
 57195 | Zot:1    | Gained mutation: You are frail. (-10% HP) [mutagenic glow]
 57383 | Zot:1    | Reached skill level 19 in Fighting
 57611 | Zot:1    | Identified the +1 cloak "Behoclidd" {Dex+4}
 57691 | Zot:1    | Identified the +1 chain mail of Conscience {Regen+ Str+3}
 57808 | Zot:3    | Noticed a golden dragon
 57810 | Zot:3    | Noticed a golden dragon
 57815 | Zot:2    | Killed a golden dragon
 57926 | Zot:2    | Lost mutation: Your body sometimes deteriorates upon taking
                  | damage. [mutagenic glow]
 58004 | Zot:3    | Noticed a golden dragon
 58005 | Zot:3    | Reached skill level 20 in Fighting
 58007 | Zot:3    | Killed a golden dragon
 58016 | Zot:3    | Killed a golden dragon
 58251 | Zot:3    | Noticed a golden dragon
 58262 | Zot:3    | Killed a golden dragon
 59237 | Zot:5    | Entered Level 5 of the Realm of Zot
 59411 | Zot:5    | Noticed a golden dragon
 59419 | Zot:5    | Killed a golden dragon
 59484 | Zot:5    | Noticed a golden dragon
 59492 | Zot:5    | Killed a golden dragon
 59492 | Zot:5    | Reached skill level 17 in Conjurations
 59558 | Zot:5    | Learned a level 9 spell: Fire Storm
 59588 | Zot:5    | Reached XP level 26. HP: 216/216 MP: 40/40
 59607 | Zot:5    | Found a runed translucent door.
 59608 | Zot:5    | Noticed PeterMcNeter's ghost (legendary VSFi)
 59942 | Zot:5    | Reached skill level 18 in Spellcasting
 60060 | Zot:5    | Killed PeterMcNeter's ghost
 60261 | Zot:5    | Noticed a golden dragon
 60262 | Zot:5    | Killed a golden dragon
 60262 | Zot:5    | Reached skill level 18 in Conjurations
 60356 | Zot:5    | Noticed an ancient lich
 60367 | Zot:5    | Killed an ancient lich
 60384 | Zot:5    | Noticed an orb of fire
 60390 | Zot:5    | Gained mutation: You are very frail. (-20% HP) [an orb of
                  | fire]
 60391 | Zot:5    | Killed an orb of fire
 60663 | Zot:5    | Noticed a Killer Klown
 60671 | Zot:5    | Killed a Killer Klown
 60769 | Zot:5    | Noticed an ancient lich
 61251 | Zot:5    | Reached skill level 19 in Conjurations
 61459 | Zot:5    | Noticed an ancient lich
 61467 | Zot:5    | Killed an ancient lich
 61694 | Zot:5    | Noticed an ancient lich
 61699 | Zot:5    | Killed an ancient lich
 61732 | Zot:5    | Noticed an ancient lich
 61733 | Zot:5    | Noticed an ancient lich
 61735 | Zot:5    | Killed an ancient lich
 61739 | Zot:5    | Killed an ancient lich
 61745 | Zot:5    | Noticed an orb of fire
 61753 | Zot:5    | Reached skill level 20 in Conjurations
 61754 | Zot:5    | Killed an orb of fire
 61869 | Zot:5    | Noticed a Killer Klown
 61877 | Zot:5    | Killed a Killer Klown
 61969 | Zot:5    | Noticed an ancient lich
 61973 | Zot:5    | Killed an ancient lich
 62069 | Zot:5    | Killed an ancient lich
 62069 | Zot:5    | Reached skill level 21 in Conjurations
 62202 | Zot:5    | Reached XP level 27. HP: 198/198 MP: 32/40
 62221 | Zot:5    | Noticed an orb of fire
 62223 | Zot:5    | Gained mutation: Scrolls take you a little longer to read.
                  | [an orb of fire]
 62228 | Zot:5    | Killed an orb of fire
 62236 | Zot:5    | Noticed an ancient lich
 62244 | Zot:5    | Killed an ancient lich
 62474 | Zot:5    | Got the Orb of Zot
 62516 | Zot:5    | Noticed Suerhaok the pandemonium lord
 62815 | Depths:1 | Reached skill level 22 in Conjurations
 62975 | D:8      | Noticed Feshuop the pandemonium lord
 62997 | D:7      | Lost mutation: You are very frail. (-20% HP) [potion of
                  | mutation]
 62997 | D:7      | Lost mutation: Scrolls take you a little longer to read.
                  | [potion of mutation]
 62997 | D:7      | Lost mutation: You are frail. (-10% HP) [potion of
                  | mutation]
 62997 | D:7      | Lost mutation: Your magical capacity is low. (-10% MP)
                  | [potion of mutation]
 62997 | D:7      | Gained mutation: Your body sometimes deteriorates upon
                  | taking damage. [potion of mutation]
 62997 | D:7      | Gained mutation: Your flesh is heat resistant. (rF+)
                  | [potion of mutation]
 63104 | D:$      | Escaped with the Orb!

Skill      XL: |  1  2  3  4  5  6  7  8  9 10 11 12 13 14 15 16 17 18 19 20 21 22 23 24 25 26 27 |
---------------+----------------------------------------------------------------------------------+-----
Spellcasting   | 3 4 5 6 7 9 10 11 12 14 15 16 17 18 | 18.0
Conjurations   | 5 6 7 8 9 10 13 15 17 21 22 | 22.1
Fighting       | 1 2 3 4 5 6 7 9 10 12 13 14 16 18 20 | 20.5
Dodging        | 2 4 6 9 |  9.7
Hexes          | 2 3 6 |  6.4
Transmutations | 4 6 7 10 12 13 | 13.0
Evocations     | 4 5 |  5.5
Invocations    | 5 0 |  0.0
Charms         | 4 8 9 10 | 10.6
Unarmed Combat | 8 13 15 17 | 17.0
Fire Magic     | 8 9 12 16 19 20 21 | 21.6
Air Magic      | 4 |  4.5
Stealth        | |  2.0

Action                   |  1- 3 |  4- 6 |  7- 9 | 10-12 | 13-15 | 16-18 | 19-21 | 22-24 | 25-27 || total
-------------------------+-------+-------+-------+-------+-------+-------+-------+-------+-------++-------
Melee: Club              |    10 |       |       |       |       |       |       |       |       ||    10
       Tailslap          |     1 |     3 |     8 |       |    57 |    89 |    84 |    73 |    30 ||   345
       Dagger            |       |    21 |    89 |       |    11 |       |       |       |       ||   121
       Staff             |       |       |       |     2 |       |       |       |       |       ||     2
       Unarmed           |       |       |       |       |   418 |   705 |   599 |   467 |   266 ||  2455
       Bite              |       |       |       |       |    41 |    68 |    61 |    62 |    25 ||   257
       Punch             |       |       |       |       |    18 |    46 |    39 |    42 |    27 ||   172
 Fire: Blowgun           |       |       |       |       |    31 |       |       |       |       ||    31
Throw: Tomahawk          |       |       |       |       |     2 |       |       |       |       ||     2
 Cast: Magic Dart        |    62 |    38 |    18 |    49 |    22 |       |       |       |       ||   189
       Searing Ray       |     5 |     9 |    10 |    40 |     2 |       |       |       |       ||    66
       Iskenderun's Myst |     3 |    27 |   105 |   155 |   143 |    28 |    46 |     2 |       ||   509
       Fulminant Prism   |       |       |    22 |    32 |    35 |    17 |     8 |       |       ||   114
       Irradiate         |       |       |     5 |    21 |    32 |    37 |    32 |    10 |    12 ||   149
       Sticks to Snakes  |       |       |       |     7 |     1 |     1 |     2 |       |       ||    11
       Iskenderun's Batt |       |       |       |    11 |     7 |       |     1 |       |       ||    19
       Dragon Form       |       |       |       |       |     6 |       |       |       |       ||     6
       Steam Barrier     |       |       |       |       |       |    42 |    28 |    16 |     4 ||    90
       Ozocubu's Armour  |       |       |       |       |       |     1 |       |       |       ||     1
       Deflect Missiles  |       |       |       |       |       |     1 |       |       |     2 ||     3
       Orb of Destructio |       |       |       |       |       |       |    61 |    46 |    25 ||   132
       Inner Flame       |       |       |       |       |       |       |     4 |       |       ||     4
       Ignition          |       |       |       |       |       |       |    27 |    67 |    31 ||   125
       Invisibility      |       |       |       |       |       |       |       |     4 |     6 ||    10
       Regeneration      |       |       |       |       |       |       |       |     1 |     3 ||     4
       Mana Rupture      |       |       |       |       |       |       |       |       |    19 ||    19
       Fire Storm        |       |       |       |       |       |       |       |       |    14 ||    14
Invok: Divine Energy     |       |       |     1 |       |       |       |       |       |       ||     1
       Curse Item        |       |       |       |       |     7 |     1 |     1 |     1 |       ||    10
       Transfer Knowledg |       |       |       |       |       |       |     1 |       |       ||     1
 Abil: Breathe Noxious F |       |       |    12 |    18 |    19 |     2 |     4 |       |       ||    55
       End Transformatio |       |       |       |       |     1 |       |       |       |       ||     1
Evoke: Wand              |       |       |       |     2 |     1 |     1 |     5 |       |     8 ||    17
       Lamp of fire      |       |       |       |       |       |     1 |     3 |       |       ||     4
       Box of beasts     |       |       |       |       |       |       |       |       |     1 ||     1
       Phial of floods   |       |       |       |       |       |       |       |       |     1 ||     1
  Use: Scroll            |     2 |     3 |     5 |     9 |    21 |     5 |     5 |     8 |     6 ||    64
       Potion            |     1 |       |       |       |     2 |       |     3 |     2 |     4 ||    12
 Stab: Confused          |       |       |     1 |       |     3 |       |       |       |       ||     4
       Invisible         |       |       |     1 |       |       |       |       |     9 |    19 ||    29
       Sleeping          |       |       |       |       |     5 |     1 |     7 |     1 |     5 ||    19
       Distracted        |       |       |       |       |     2 |     2 |     1 |     3 |       ||     8
       Petrifying        |       |       |       |       |       |     1 |       |       |       ||     1
  Eat: Chunk             |     5 |     9 |    30 |    37 |    41 |    28 |    52 |    47 |    12 ||   261
       Ration            |       |     1 |     3 |     3 |     6 |     6 |     6 |     5 |    12 ||    42
Armor: Skin              |     7 |     9 |    34 |    82 |   236 |   337 |   214 |   245 |   148 ||  1312
Dodge: Dodged            |    18 |    22 |    85 |   149 |   127 |   246 |   205 |   205 |   142 ||  1199
       Deflected         |       |       |       |       |       |    75 |   104 |    89 |     5 ||   273
Block: Buckler           |       |       |       |       |     2 |       |       |       |       ||     2

Levels and vault maps discovered:
D:1:      scummos_arrival_checkerplants, layout_loops_cross,
          minmay_misc_feat_encased
D:2:      layout_rooms, grunt_decor_arrowhead, hangedman_decor_points,
          uniq_jessica
D:3:      layout_loops_corners, first_ration, kennysheep_boxes
D:4:      layout_rooms, serial_shops, shop, nemelex_altar_shiori, uniq_duvessa
D:5:      layout_basic, nicolae_ru_great_annihilating_truth,
          minmay_temple_entry_sparse_star, uniq_ijyb, uniq_sigmund,
          uniq_blork_the_orc
D:6:      layout_gridville, dancing_weapons_uskayaw
D:7:      layout_loops_ring, serial_shops, nicolae_shop_window_shopping,
          uniq_prince_ribbit1
D:8:      minmay_klotski, layout_loops_corners, serial_shops, shop,
          minmay_manual_monstrance
D:9:      layout_basic, grunt_lair_entry_orc_guard_hut, grunt_ogre_cave
D:10:     layout_roguey, orc_0_dummy
D:11:     layout_grid_maze, nicolae_trove_entry_crossroad, serial_shops, shop
D:12:     hangedman_depths_entry_try_elsewhere_first, layout_basic,
          ximxim_vaults_locker_room, serial_shops, shop, shop
Temple:   kilobyte_greek_temple
Lair:1:   layout_roguey, grunt_megastairs_1
Lair:2:   layout_chaotic_city, grunt_megastairs_4, uniq_urug, uniq_harold
Lair:3:   layout_cave_pods, basic_altar, minivault_19, serial_bayou_shore_b
Lair:4:   layout_hall_layers, elwin_shoals_entry_stream,
          minmay_snake_entry_guardpost_medium, special_room [special_room_bee],
          ebering_ghost_xom, columned_hall_lemuel, uniq_kirke, uniq_sonja
Lair:5:   layout_gridlike, chequers_serial_rivers_small_a,
          nicolae_quartered_pool_little, lemuel_fruit_fields,
          serial_bayou_shore_b
Lair:6:   cheibrodos_lair_end_hotspot, layout_gridlike, slime_altar_2,
          hellmonk_ghost_happy_afterlife, lemuel_old_faithful
Shoals:1: layout_shoals, uniq_nikola
Shoals:2: layout_shoals, uniq_polyphemus
Shoals:3: shoals_end_grunt_ice, layout_shoals
Snake:1:  layout_chambers, grunt_ministairs_9, uniq_donald, uniq_roxanne
Snake:2:  layout_concentric_octagons, uniq_bai_suzhen, uniq_vashnia, uniq_louise
Snake:3:  grunt_snake_rune_serpentine_throne, layout_cave_town,
          portal_ice_cave_entry_pillars_four
Orc:      st_orc_open, layout_caves, basic_altar, uniq_nergalle
Elf:1:    layout_gridlike, minmay_elf_demonology, guppyfry_library_mini,
          uniq_asterion
Elf:2:    layout_geoelf_grid, minmay_elf_annihilation, uniq_jorgrun
Elf:3:    minmay_elf_hall_statues, layout_geoelf_castle, special_room
          [special_room_mythical_zoo], serial_shops, shop, corner_web_ring,
          minmay_shop_grove
Vaults:1: vaults_mumra_minichess_inversion, vaults_room_grid,
          vaults_room_fancy_cross, ontoclasm_vaults_idyll,
          hangedman_vaults_stretched_pinwheel, vaults_mumra_hex,
          nicolae_vaults_little_squares_6, vaults_mumra_chevron_long,
          nicolae_vaults_stairing_the_circle, nicolae_vaults_ninety_degrees,
          nicolae_vaults_alarming, nicolae_vaults_network_square,
          ontoclasm_vaults_pinch, vaults_room_pool, layout_vaults_omnicross,
          serial_shops, shop_coins
Vaults:2: minmay_crypt_entry_necro_gods, vaults_dpeg_hooks,
          nicolae_vaults_sealed_display, nicolae_vaults_yaktaur_gun_rack,
          nicolae_vaults_mini_display_case, hangedman_vaults_cutoff,
          ontoclasm_vaults_fault, nicolae_vaults_border_crossing,
          layout_vaults_omnigrid, portal_desolation_entry_nicolae_slug,
          serial_shops, shop
Vaults:3: serial_shops, uniq_sojobo
Depths:1: layout_cave_pools, enter_ziggurat_d, hell_entry,
          minmay_misc_feat_columns, fake_guardian_serpent_vault,
          serial_bayou_shore_a, uniq_mara
Depths:2: hangedman_stitches_corridor, layout_long_grid, hell_entry,
          minmay_misc_feat_pillars, hangedman_research_convocations
Depths:3: cross_vault, layout_cave_pools, nrook_campfire, hell_entry,
          grunt_pan_entry_in_and_out, minmay_staircase_statues,
          serial_bayou_shore_b, uniq_saint_roka
Depths:4: minmay_the_grid_octo_2x2 [minmay_the_grid_octo_teeth,
          minmay_the_grid_octo_concentric, minmay_the_grid_octo_checkerflower,
          minmay_the_grid_octo_prize_big_c], layout_cave_shapes,
          hangedman_abyss_or_decor_lesser_grid, abyss_entry,
          hangedman_coc_ice_floe, rand_demon_pan_entry_3,
          kennysheep_pointless_box, grunt_ministairs_10,
          minmay_staircase_windowed_small
Depths:5: evilmike_zot_entry_hall, layout_cave_pools, hell_entry, serial_bayou,
          serial_bayou_lagoon_a, serial_bayou_pond_d, hangedman_decor_riveting,
          chequers_serial_rivers_small_b
Zot:1:    layout_basic, st_stairs_5
Zot:2:    kennysheep_six_static_rooms, layout_twisted_circle
Zot:3:    lemuel_draconian_sentries_small, layout_gridville, grunt_ministairs_5,
          st_single_dragon_hoard_2
Zot:4:    layout_basic, grunt_megastairs_3
Zot:5:    layout_onion, ebering_ghost_reflecting_pool, stair_cage_open,
          st_stairs_12, grunt_ministairs_11

Table legend:
 A = Turns spent in this place as a percentage of turns spent in the entire game.
 B = Non-inter-level travel turns spent in this place as a percentage of non-inter-level travel turns spent in the entire game.
 C = Inter-level travel turns spent in this place as a percentage of turns spent in this place.
 D = Turns resting spent in this place as a percentage of non-inter-level travel turns spent in this place.
 E = Turns spent auto-exploring this place as a percentage of non-inter-level travel turns spent in this place.
 F = Non-inter-level travel turns spent in this place divided by the number of levels of this place that you've seen.
                   A       B       C       D       E      F
               +-------+-------+-------+-------+-------+----------------------
         Total | 100.0 | 100.0 |   8.5 |  27.4 |  51.1 | 1283.5
       Dungeon |  27.4 |  25.2 |  16.0 |  21.5 |  61.5 | 1210.6
        Temple |   0.4 |   0.3 |  42.1 |   0.0 |  86.4 | 162.0
          Lair |  15.0 |  14.6 |  10.5 |  29.9 |  56.2 | 1407.7
        Shoals |   4.1 |   4.3 |   3.4 |  14.3 |  60.2 | 825.0
     Snake Pit |   6.9 |   7.2 |   4.1 |  18.0 |  53.0 | 1393.7
  Orcish Mines |   2.8 |   2.6 |  15.5 |  28.7 |  46.1 | 1487.0
   Elven Halls |   8.3 |   8.8 |   3.4 |  22.7 |  49.5 | 1689.3
        Vaults |   9.4 |   9.8 |   4.4 |  24.8 |  51.9 | 1882.7
        Depths |  12.6 |  13.1 |   5.0 |  30.0 |  48.1 | 1510.4
           Zot |  10.6 |  11.4 |   1.5 |  51.1 |  27.2 | 1322.2
         Trove |   0.2 |   0.2 |   0.0 |   0.0 |   5.2 |  96.0
      Ice Cave |   1.1 |   1.2 |   0.0 |  60.2 |   0.0 | 688.0
    Desolation |   1.3 |   1.4 |   0.0 |   4.8 |  53.1 | 815.0
               +-------+-------+-------+-------+-------+----------------------

Table legend:
 A = Kills in this place as a percentage of kills in entire the game.
 B = Kills by you in this place as a percentage of kills by you in the entire game.
 C = Kills by friends in this place as a percentage of kills by friends in the entire game.
 D = Other kills in this place as a percentage of other kills in the entire game.
 E = Experience gained in this place as a percentage of experience gained in the entire game.
 F = Experience gained in this place divided by the number of levels of this place that you have seen.
                   A       B       C       D       E      F
               +-------+-------+-------+-------+-------+----------------------
         Total | 100.0 | 100.0 | 100.0 | 100.0 | 100.0 | 34312.8
       Dungeon |  16.1 |  16.2 |   0.0 |   0.0 |   2.6 | 3316.9
          Lair |   9.0 |   8.9 |   0.0 |  42.9 |   3.1 | 8054.2
        Shoals |   4.1 |   4.1 |   0.0 |   0.0 |   3.1 | 15904.7
     Snake Pit |   8.9 |   8.9 |   0.0 |   0.0 |   7.6 | 39150.7
  Orcish Mines |   4.0 |   3.9 |   0.0 |  14.3 |   1.2 | 18212.0
   Elven Halls |  10.5 |  10.4 |  66.7 |  14.3 |  10.2 | 52477.0
        Vaults |  16.8 |  16.9 |   0.0 |   0.0 |  18.8 | 96684.3
        Depths |  16.2 |  16.2 |   0.0 |  14.3 |  22.5 | 69594.2
           Zot |   9.1 |   9.0 |  33.3 |  14.3 |  27.7 | 85577.4
      Ice Cave |   1.2 |   1.2 |   0.0 |   0.0 |   0.5 | 7488.0
    Desolation |   4.2 |   4.2 |   0.0 |   0.0 |   2.7 | 41742.0
               +-------+-------+-------+-------+-------+----------------------
